 Dungeon Crawl Stone Soup version 0.31.0-10-gcf4a605ca0 (webtiles) character file.

Game seed: 9632308579358493290

197004 Skimidon the Brawler (level 17, -25/175 HPs)
             Began as a Troll Wanderer on Jan 25, 2024.
             Was the Champion of the Shining One.
             Shot with an arrow by a +2 longbow of freezing (33 damage)
             ... in a wizard's laboratory.
             The game lasted 01:08:10 (28477 turns).

Skimidon the Brawler (Troll Wanderer)              Turns: 28477, Time: 01:08:11

Health: -25/175    AC:  6    Str: 34    XL:     17   Next: 76%
Magic:  26/26      EV: 13    Int: 12    God:    the Shining One [******]
Gold:   1231       SH: 22    Dex: 15    Spells: 25/29 levels left

rFire   . .          .
                       - Unarmed
rCold   . . .        O - +6 kite shield of the Sneaky Hells {+Blink rN+ Str+3 Slay+3}
rNeg    + + +        W - +2 robe of the Valley of Death {^Contam rC+ rCorr Archmagi}
rPois   +            (helmet currently unavailable)
rElec   .            (cloak currently unavailable)
rCorr   +            (gloves unavailable)
SInv    .            (boots unavailable)
Will    ++...        M - amulet of reflection
Stlth   +            I - ring "Repho" {rC- rN+++ Str+2 Int+6 Slay+4}
HPRegen 1.29/turn    y - ring "Hotumeuz" {rPois Will+ Dex+3 Slay+3 Stlth-}
MPRegen 0.20/turn

%: reflection, archmagi
@: beast-form, glowing, studying 2 skills
A: beast (slay +4), large, unfitting armour, claws 3, regeneration 1, shaggy fur
1, tough skin 1
}: 1/15 runes: decaying
a: Begin Untransformation, Renounce Religion, Evoke Blink, Divine Shield,
Cleansing Flame, Summon Divine Warrior, Brand Weapon With Holy Wrath


You were in a wizard's laboratory.
You worshipped the Shining One.
The Shining One was exalted by your worship.
You were a hulking beast.
You visited 6 branches of the dungeon, and saw 28 of its levels.
You visited the Abyss 1 time.
You also visited: Sewer and Wizlab.

You collected 2507 gold pieces.
You spent 1276 gold pieces at shops.

Inventory:

Hand Weapons
 a - a +3 short sword
Missiles
 p - 8 curare-tipped darts
 z - 13 javelins
 S - 5 silver javelins
Armour
 O - the +6 kite shield of the Sneaky Hells (worn) {+Blink rN+ Str+3 Slay+3}
   (You acquired it on level 3 of the Lair of Beasts)

   Str+3:     It affects your strength (+3).
   Slay+3:    It affects your accuracy & damage with ranged weapons and melee
   (+3).
   rN+:       It protects you from negative energy.
   +Blink:    It lets you blink.
 W - the +2 robe of the Valley of Death (worn) {^Contam rC+ rCorr Archmagi}
   (You found it on level 5 of the Lair of Beasts)

   rC+:       It protects you from cold.
   ^Contam:   It causes magical contamination when unequipped.
   rCorr:     It protects you from acid and corrosion.
   Archmagi:  It increases the power of your magical spells.
Jewellery
 y - the ring "Hotumeuz" (right claw) {rPois Will+ Dex+3 Slay+3 Stlth-}
   (You found it on level 1 of the Swamp)

   [ring of poison resistance]

   Dex+3:     It affects your dexterity (+3).
   Slay+3:    It affects your accuracy & damage with ranged weapons and melee
   (+3).
   rPois:     It protects you from poison Will+: It increases your willpower.
   Stlth-:    It makes you less stealthy.
 A - a ring of fire
 H - a ring of flight
 I - the ring "Repho" (left claw) {rC- rN+++ Str+2 Int+6 Slay+4}
   (You found it on level 3 of the Lair of Beasts)

   [ring of slaying]

   Str+2:     It affects your strength (+2).
   Int+6:     It affects your intelligence (+6).
   Slay+4:    It affects your accuracy & damage with ranged weapons and melee
   (+4).
   rC-:       It makes you vulnerable to cold.
   rN+++:     It renders you almost immune to negative energy.
 M - an amulet of reflection (around neck)
 U - a ring of protection from cold
Talismans
 j - a maw talisman
 E - a beast talisman (active)
Wands
 s - a wand of digging (5)
 t - a wand of polymorph (18)
 x - a wand of mindburst (7)
 D - a wand of flame (75)
 F - a wand of iceblast (11)
 R - a wand of paralysis (7)
Scrolls
 c - 11 scrolls of teleportation
 e - 3 scrolls of revelation
 f - 6 scrolls of poison
 h - 4 scrolls of vulnerability
 i - a scroll of summoning
 k - 3 scrolls of fog
 n - 5 scrolls of amnesia
 w - a scroll of torment {unknown}
 G - a scroll of silence
 K - 2 scrolls of fear
 N - 2 scrolls of enchant armour
 P - 4 scrolls of immolation
 Q - 2 scrolls of enchant weapon
 X - 7 scrolls of identify
Potions
 b - 9 potions of curing
 d - a potion of ambrosia
 g - 7 potions of attraction
 m - 7 potions of heal wounds
 o - 5 potions of might
 q - 2 potions of haste
 r - 7 potions of magic
 u - 5 potions of enlightenment
 v - 5 potions of brilliance
 B - 4 potions of mutation
 T - a potion of resistance
 V - 2 potions of cancellation
 Y - a potion of lignification
Miscellaneous
 l - a lightning rod (3/4)
 J - a tin of tremorstones (2/2)
 L - a phial of floods (inert)


   Skills:
 * Level 12.4 Fighting
 - Level 3.2 Short Blades
 - Level 2.0 Throwing
 + Level 9.3 Dodging
 - Level 1.0 Stealth
 + Level 8.3 Shields
 + Level 17.2 Unarmed Combat
 * Level 6.8 Spellcasting
 + Level 8.0 Translocations
 + Level 9.2 Invocations
 - Level 1.0 Evocations
 * Level 9.5 Shapeshifting


You had 25 spell levels left.
You knew the following spells:

 Your Spells              Type           Power      Damage    Failure   Level
a - Manifold Assault      Tloc           35%        N/A       10%         4

Your spell library contained the following spells:

 Spells                   Type           Power      Damage    Failure   Level
 Apportation              Tloc           70%        N/A       1%          1
 Necrotise                Necr           24%        1d5       26%         1
 Sting                    Conj/Alch      24%        1d4       26%         1
 Summon Small Mammal      Summ           24%        N/A       26%         1
 Call Canine Familiar     Summ           6%         N/A       61%         3
 Summon Ice Beast         Ice/Summ       6%         N/A       61%         3
 Dispersal                Tloc           17%        N/A       82%         6
 Ignite Poison            Fire/Alch      6%         N/A       95%         4
 Sticky Flame             Fire/Alch      6%         2d4       95%         4
 Summon Blazeheart Golem  Fire/Summ      6%         N/A       95%         4
 Summon Mana Viper        Hex/Summ       6%         N/A       100%        5
 Monstrous Menagerie      Summ           3%         N/A       100%        7
 Disjunction              Tloc           17%        N/A       100%        8
 Ignition                 Fire           3%         3d4       100%        8


Dungeon Overview and Level Annotations

Branches:
Dungeon (15/15)            Temple (0/1) D:6            Lair (5/5) D:9
  Swamp (4/4) Lair:2        Snake (1/4) Lair:2        Slime (0/5) Lair:5
    Orc (2/2) D:9             Elf (0/3) Orc:2        Vaults (1/5) D:14
 Depths (0/4) D:15          Sewer (visited)          WizLab (1/1)

Altars:
Ashenzari
Cheibriados
Elyvilon
Fedhas
Hepliaklqana
Kikubaaqudgha
Makhleb
Nemelex Xobeh
Qazlal
Sif Muna
Trog
Uskayaw
Vehumet
Xom
Yredelemnul
The Shining One

Shops:
D:7 ::   Orc:2 =*?:[([

Annotations:
WizLab exclusion: strange machine


Innate Abilities, Weirdness & Mutations

You are a hulking beast.
Your limbs bulge with bestial killing power. (Slay +4)
You are too large for most types of armour.
You have claws for hands.
Your natural rate of healing is unusually fast.
You are covered in fur. (AC +1)
You have tough skin. (AC +1)


Message History

The torrent of water hits the +0 vampiric glaive.
The +0 vampiric glaive is heavily damaged.
The wave splashes down.
The rakshasa is engulfed in water. x2
Your angel is engulfed in water.
The angel is engulfed in water.
The angel hits your angel but does no damage.
The angel hits your angel with a +1 sacred scourge of holy wrath.
Your angel gestures.
Your angel is healed somewhat.
The +2 longbow of freezing shoots an arrow.
The arrow hits you!!
* * * LOW HITPOINT WARNING * * *
The arrow freezes you!
* * * LOW HITPOINT WARNING * * *
The +2 longbow of freezing shoots an arrow.
The arrow hits you.
* * * LOW HITPOINT WARNING * * *
The arrow freezes you.
* * * LOW HITPOINT WARNING * * *
The angel hits your angel with a +1 sacred scourge of holy wrath!!
The angel hits your angel with a +1 sacred scourge of holy wrath!
Your angel dies!
Your angel dissolves into sparkling lights!
The rakshasa blinks!
As you read the scroll of fog, it dissolves into smoke.
The +2 longbow of freezing shoots an arrow.
The arrow hits you!! The Shining One protects you from harm!
The arrow freezes you.
* * * LOW HITPOINT WARNING * * *
The rakshasa weaves an illusion.
The +2 longbow of freezing shimmers and seems to become two!
The +2 longbow of freezing shoots an arrow.
You block the arrow with an invisible shield... and reflect it back!
The arrow hits the +2 longbow of freezing!!
You destroy the +2 longbow of freezing!
The +2 longbow of freezing shimmers and vanishes!
The +2 longbow of freezing shoots an arrow.
The arrow hits you!!
You die...

#.............##
##..###.....###..##
#++#####...#####''#
#......##+##..)...#
..#.......).#..##
##..###....)###..###
#...###.....###...##
# .. ##....)###...##
##§h§..###...##
##§§§§.###...##
##§(§§)###...##
##§§§§.###...##
###.(.### ##(##
##~RA# ##((RR~#
##~.⌠.~##


You could see a +2 longbow of freezing.

Vanquished Creatures
  Mlioglotl (Swamp:1)
  Kirke (Lair:4)
  A tentacled starspawn (Abyss:3)
  6 thorn hunters
  Louise (Swamp:1)
  An orc warlord (Orc:1)
  5 ghouls
  A caustic shrike skeleton (Abyss:3)
  Nessos (D:15)
  5 eleionomae
  4 bunyips
  5 shambling mangroves
  3 entropy weavers (Lair:3)
  Snorg (Lair:4)
  A yaktaur captain (Vaults:1)
  An entropy weaver (shapeshifter) (D:13)
  5 ghost crabs
  13 hydras
  3 alligators
  2 vault guards (D:14)
  A rakshasa (WizLab)
  A sphinx zombie (D:15)
  7 centaur warriors
  2 catoblepae
  2 ogre magi
  A boulder beetle (Lair:4)
  A spriggan air mage (Swamp:4)
  6 two-headed ogres
  4 dancing weapons (WizLab)
  6 death yaks
  2 tengu warriors
  Urug (Lair:4)
  An orc high priest (Orc:2)
  18 spriggans
  4 fire crabs (Lair:3)
  A sixfirhy (Abyss:3)
  5 goliath frogs
  A fire crab (shapeshifter) (D:13)
  Lodul (D:13)
  A skeletal warrior (D:15)
  An arcanist (D:14)
  8 swamp dragons
  4 spriggan druids
  3 flayed ghosts
  4 spectral hydras (Swamp:4)
  4 phantasmal warriors
  2 lindwurms
  5 orc knights
  A necromancer (Abyss:3)
  4 deep elf pyromancers
  2 ironbound convokers (Vaults:1)
  3 orc sorcerers
  3 oklob plants (Swamp:4)
  11 ugly things
  3 manticores
  7 will-o-the-wisps
  A salamander (Snake:1)
  3 cyclopes
  6 kobold blastminers
  3 black mambas
  3 meliai (D:13)
  An apocalypse crab (Lair:3)
  23 elephants
  A smoke demon (Abyss:3)
  A cane toad (shapeshifter) (D:14)
  4 gargoyles
  12 cane toads
  2 yaktaurs (D:14)
  10 komodo dragons
  2 kobold demonologists
  3 unseen horrors
  A freezing wraith (D:14)
  A queen bee (D:8)
  4 trolls
  2 bloated husks (Swamp:2)
  29 hornets
  2 polar bears
  9 tyrant leeches
  A harpy skeleton (Abyss:3)
  3 raiju (Abyss:3)
  A hydra skeleton (Swamp:4)
  11 blink frogs
  25 dream sheep
  11 slime creatures
  A spriggan zombie (D:15)
  4 wraiths
  35 yaks
  A centaur simulacrum (Abyss:3)
  6 wyverns
  A human (D:14)
  A hog (Lair:4)
  2 wargs
  11 vampire mosquitoes
  4 basilisks
  2 small abominations (Abyss:3)
  3 nagas
  A naga (shapeshifter) (Abyss:3)
  4 acid dragons
  12 swamp worms
  2 hydra simulacra (Swamp:4)
  A naga zombie (Abyss:3)
  18 water moccasins
  6 swamp drakes (Swamp:4)
  38 orc warriors
  4 black bears
  3 ice beasts
  2 sky beasts (D:6)
  A swamp dragon zombie (Swamp:4)
  22 ogres
  2 laughing skulls
  12 wolves
  A crocodile (Sewer)
  A swamp dragon skeleton (Swamp:4)
  8 centaurs
  3 phantoms (D:6)
  A brain worm (Sewer)
  11 bullfrogs
  10 kobold brigands
  2 necrophages (Swamp:1)
  3 gnoll sergeants
  A scorpion (D:6)
  9 wights
  15 killer bees (D:8)
  4 howler monkeys
  4 electric eels (D:9)
  11 hounds
  2 jellies
  22 orc priests
  5 iguanas
  24 orc wizards
  2 sleepcaps
  6 hell rats (Lair:3)
  Robin (D:2)
  12 gnolls
  13 adders
  5 river rats (Sewer)
  A swamp drake zombie (Swamp:4)
  4 shadow imps
  A swamp drake skeleton (Swamp:4)
  2 white imps
  2 ufetubi (D:7)
  4 ribbon worms
  137 orcs
  4 bats
  6 endoplasms
  2 giant cockroaches
  14 goblins
  4 hobgoblins
  7 jackals
  5 quokkas
  11 ball pythons
  4 frilled lizards
  34 kobolds
  9 kobold skeletons (D:8)
  9 kobold zombies (D:8)
  9 rats
1011 creatures vanquished.

Vanquished Creatures (collateral kills)
  A shard shrike zombie (Abyss:3)
  A hydra zombie (Swamp:4)
  Josephine (D:15)
  A rakshasa (WizLab)
  2 hydras (Lair:5)
  An alligator (Swamp:1)
  3 dancing weapons (WizLab)
  A thrashing horror (Abyss:3)
  2 death yaks (Lair:5)
  A skeletal warrior (D:15)
  A spriggan druid (Swamp:4)
  A necromancer (D:15)
  A manticore (D:15)
  2 elephants (Lair:5)
  A black mamba (Lair:5)
  A torpor snail (Lair:5)
  2 cane toads (Lair:5)
  An ancient zyme (Abyss:3)
  2 hellwings (Abyss:3)
  A raiju (Abyss:3)
  A dream sheep (Lair:5)
  A spriggan zombie (D:15)
  A small abomination (Abyss:3)
  3 wraiths (D:15)
  An ice beast (Abyss:3)
  A brain worm (Abyss:3)
  A ball python (Sewer)
36 creatures vanquished.

Vanquished Creatures (others)
  A freezing wraith (Swamp:4)
  4 bloated husks
  A swamp worm (Swamp:1)
  40 foxfires
  2 starspawn tentacles (Swamp:1)
48 creatures vanquished.

Grand Total: 1095 creatures vanquished

Notes
Turn   | Place    | Note
-------+----------+-------------------------------------------
     0 | D:1      | Skimidon the Troll Wanderer began the quest for the Orb.
     0 | D:1      | Skimidon set off with the following items: a +3 short
                  | sword, a potion of curing, a scroll of teleportation, a +0
                  | robe.
     0 | D:1      | Reached XP level 1. HP: 19/19 MP: 0/0
   247 | D:1      | Reached skill level 1 in Unarmed Combat
   247 | D:1      | Reached XP level 2. HP: 27/27 MP: 1/1
   987 | D:2      | Reached XP level 3. HP: 34/35 MP: 2/2
  1260 | D:2      | Noticed Robin
  1263 | D:2      | Reached skill level 2 in Unarmed Combat
  1278 | D:2      | Killed Robin
  1332 | D:2      | Reached XP level 4. HP: 42/44 MP: 3/3
  1879 | D:3      | Found a glowing drain.
  1899 | Sewer    | Entered a sewer
  1930 | Sewer    | Reached skill level 3 in Unarmed Combat
  2004 | Sewer    | Reached XP level 5. HP: 39/53 MP: 4/4
  2207 | Sewer    | Noticed a crocodile
  2238 | Sewer    | HP: 2/53 [crocodile (10)]
  2246 | Sewer    | Killed a crocodile
  2247 | Sewer    | Reached skill level 4 in Unarmed Combat
  2247 | Sewer    | Reached XP level 6. HP: 12/62 MP: 5/5
  2332 | Sewer    | Reached skill level 1 in Throwing
  2468 | Sewer    | Reached XP level 7. HP: 62/70 MP: 6/6
  2907 | D:3      | Found a glowing golden altar of the Shining One.
  2940 | D:3      | Found a broken altar of Ashenzari.
  2968 | D:3      | Became a worshipper of the Shining One
  3463 | D:4      | Reached skill level 5 in Unarmed Combat
  3533 | D:4      | Reached skill level 5 in Fighting
  3634 | D:4      | Found a radiant altar of Vehumet.
  3678 | D:4      | Reached skill level 6 in Unarmed Combat
  3678 | D:4      | Reached XP level 8. HP: 80/80 MP: 7/7
  3768 | D:4      | Found a white marble altar of Elyvilon.
  3815 | D:4      | Found a basalt altar of Yredelemnul.
  3934 | D:5      | Entered Level 5 of the Dungeon
  4058 | D:5      | Found a burning altar of Makhleb.
  4058 | D:5      | Found a shimmering blue altar of Sif Muna.
  4078 | D:5      | Found a snail-covered altar of Cheibriados.
  4378 | D:5      | Found an ancient bone altar of Kikubaaqudgha.
  4567 | D:6      | Reached skill level 7 in Unarmed Combat
  4737 | D:6      | Reached XP level 9. HP: 79/92 MP: 8/8
  4743 | D:6      | Reached skill level 8 in Unarmed Combat
  4925 | D:6      | Found a staircase to the Ecumenical Temple.
  5014 | D:6      | Noticed an unseen horror
  5024 | D:6      | Killed an unseen horror
  5025 | D:6      | Reached skill level 9 in Unarmed Combat
  5157 | D:6      | Found a shimmering altar of Xom.
  5158 | D:6      | Found a hazy altar of Hepliaklqana.
  5158 | D:6      | Noticed a cyan ugly thing
  5159 | D:6      | Noticed a spectral ugly thing
  5159 | D:6      | Noticed a red ugly thing
  5226 | D:7      | Found a hide-covered altar of Uskayaw.
  5228 | D:7      | Found a stormy altar of Qazlal.
  5286 | D:7      | Reached * piety under the Shining One
  5409 | D:7      | Found Haigay's Book Shop.
  5432 | D:7      | Found Ifruseitz's Vocational Training.
  6018 | D:8      | Found a sparkling altar of Nemelex Xobeh.
  6283 | D:8      | Reached XP level 10. HP: 105/105 MP: 10/10
  6469 | D:8      | Reached ** piety under the Shining One
  6520 | D:8      | Noticed a sun demon
  6541 | D:8      | Reached skill level 10 in Unarmed Combat
  6582 | D:8      | Reached *** piety under the Shining One
  6610 | D:8      | Found an ancient bone altar of Kikubaaqudgha.
  7303 | D:9      | Found a staircase to the Lair.
  7404 | D:9      | Reached **** piety under the Shining One
  7410 | D:9      | Found a staircase to the Orcish Mines.
  7646 | D:9      | Reached skill level 1 in Shapeshifting
  7892 | D:10     | Entered Level 10 of the Dungeon
  8020 | D:10     | Found a bloodstained altar of Trog.
  8134 | D:10     | Reached skill level 11 in Unarmed Combat
  8134 | D:10     | Reached XP level 11. HP: 103/115 MP: 12/12
  8166 | D:10     | Noticed a two-headed ogre
  8190 | D:10     | Killed a two-headed ogre
  8937 | D:11     | Noticed a tengu warrior
  8946 | D:11     | Killed a tengu warrior
  9009 | D:11     | Identified the +5 sling "Beastslayer" {drain, rF+ rCorr
                  | Str+5 Int-3}
  9392 | D:12     | Noticed a brown ugly thing
  9478 | D:12     | Noticed a brown ugly thing
  9484 | D:12     | Killed a brown ugly thing
  9531 | D:12     | Reached ***** piety under the Shining One
  9540 | D:12     | Killed a brown ugly thing
  9852 | D:12     | Reached skill level 12 in Unarmed Combat
  9852 | D:12     | Reached skill level 5 in Invocations
 10057 | D:12     | Reached skill level 10 in Fighting
 10057 | D:12     | Reached skill level 5 in Shapeshifting
 10257 | D:12     | Reached XP level 12. HP: 80/126 MP: 14/14
 10571 | D:13     | Noticed a centaur warrior
 10630 | D:13     | Noticed a centaur warrior
 10716 | Lair:1   | Entered Level 1 of the Lair of Beasts
 10752 | Lair:1   | Reached skill level 5 in Dodging
 11587 | Lair:2   | Found a staircase to the Snake Pit.
 12059 | Lair:2   | Reached skill level 13 in Unarmed Combat
 12111 | Lair:2   | Paralysed by a hornet for 1 turns
 12187 | Lair:2   | Found a staircase to the Swamp.
 12518 | Lair:3   | Noticed a five-headed hydra
 12582 | Lair:3   | Identified a scroll of acquirement
 12582 | Lair:3   | Acquired the +6 kite shield of the Sneaky Hells {+Blink rN+
                  | Str+3 Slay+3}
 12708 | Lair:3   | Reached skill level 1 in Shields
 12848 | Lair:3   | Reached XP level 13. HP: 110/133 MP: 16/16
 13079 | Lair:3   | Identified the ring "Repho" {rC- rN+++ Str+2 Int+6 Slay+4}
 13192 | Lair:3   | Found a runed translucent door.
 14090 | Lair:3   | Reached skill level 14 in Unarmed Combat
 14359 | Lair:3   | Reached ****** piety under the Shining One
 14564 | Lair:3   | Learned a level 4 spell: Manifold Assault
 14793 | Lair:4   | Noticed Urug
 14799 | Lair:4   | Killed Urug
 14800 | Lair:4   | Reached skill level 1 in Translocations
 14826 | Lair:4   | Reached skill level 1 in Spellcasting
 15037 | Lair:4   | Noticed Snorg
 15043 | Lair:4   | Killed Snorg
 15044 | Lair:4   | Reached skill level 5 in Shields
 15230 | Lair:4   | Noticed Kirke
 15244 | Lair:4   | Noticed a sphinx
 15247 | Lair:4   | Killed Kirke
 15277 | Lair:4   | Reached XP level 14. HP: 143/143 MP: 17/17
 15579 | Lair:5   | Entered Level 5 of the Lair of Beasts
 16332 | Lair:5   | Reached skill level 15 in Unarmed Combat
 16404 | Lair:5   | Found a staircase to the Slime Pits.
 16710 | Lair:5   | Identified the +2 robe of the Valley of Death {^Contam rC+
                  | rCorr Archmagi}
 17398 | D:13     | Noticed Lodul
 17407 | D:13     | Killed Lodul
 17408 | D:13     | Reached XP level 15. HP: 152/152 MP: 19/19
 18258 | D:14     | Found a hide-covered altar of Uskayaw.
 18381 | D:14     | Reached skill level 5 in Translocations
 19375 | D:14     | Found a gate to the Vaults.
 19545 | D:15     | Entered Level 15 of the Dungeon
 19545 | D:15     | Noticed Nessos
 19553 | D:15     | Killed Nessos
 19762 | D:15     | Reached skill level 16 in Unarmed Combat
 19774 | D:15     | Found a staircase to the Depths.
 19939 | D:15     | Noticed Josephine
 19944 | D:15     | Killed Josephine
 20299 | Orc:1    | Entered Level 1 of the Orcish Mines
 20632 | Orc:2    | Entered Level 2 of the Orcish Mines
 20632 | Orc:2    | Found Duys's Magic Scroll Shoppe.
 20632 | Orc:2    | Found a staircase to the Elven Halls.
 20649 | Orc:1    | Reached skill level 5 in Spellcasting
 20726 | Orc:2    | Bought 3 scrolls of teleportation for 117 gold pieces
 20726 | Orc:2    | Bought a scroll of teleportation for 39 gold pieces
 20753 | Orc:2    | Found Wocisys's Assorted Antiques.
 20936 | Orc:2    | Found Kukeh's Jewellery Shoppe.
 21114 | Orc:2    | Found Ceet's Book Emporium.
 21222 | Orc:1    | Reached XP level 16. HP: 84/162 MP: 22/22
 21338 | Orc:2    | Found Gaho's Antique Weapon Shoppe.
 21340 | Orc:2    | Found Amazuupp's Antique Armour Emporium.
 21433 | Orc:2    | Found Giumid's Armour Boutique.
 22042 | Swamp:1  | Entered Level 1 of the Swamp
 22042 | Swamp:1  | Noticed Mlioglotl
 22095 | Swamp:1  | Noticed a tentacled starspawn
 22268 | Swamp:1  | Killed Mlioglotl
 22633 | Swamp:1  | Identified the ring "Hotumeuz" {rPois Will+ Dex+3 Slay+3
                  | Stlth-}
 22752 | Swamp:1  | Noticed Louise
 22765 | Abyss:3  | Cast into level 3 of the Abyss (Louise)
 22894 | Abyss:3  | Noticed a hellephant
 22902 | Abyss:3  | Found a corrupted altar of Lugonu.
 22930 | Abyss:3  | Noticed a tentacled starspawn
 22935 | Abyss:3  | Killed a tentacled starspawn
 23030 | Swamp:1  | Escaped the Abyss
 23043 | Swamp:1  | Killed Louise
 23420 | Swamp:2  | Identified the +8 chain mail of Wu Jian's Respect {rC+}
 23726 | D:7      | Bought a manual of Invocations for 1120 gold pieces
 23934 | Swamp:2  | HP: 5/165 [spriggan rider/+3 spear (15)]
 23934 | Swamp:2  | HP: 1/165 [ghoul (4)]
 24974 | Swamp:3  | Noticed a thorn hunter
 24987 | Swamp:3  | Killed a thorn hunter
 25240 | Swamp:3  | Reached XP level 17. HP: 112/172 MP: 12/25
 25534 | Swamp:3  | Reached skill level 17 in Unarmed Combat
 25587 | Swamp:4  | Entered Level 4 of the Swamp
 26348 | Swamp:4  | HP: 5/172 [will-o-the-wisp/foxfire (26)]
 27436 | Swamp:4  | Found a blossoming altar of Fedhas.
 27799 | Swamp:4  | Found a basalt altar of Yredelemnul.
 27812 | Swamp:4  | Got a decaying rune of Zot
 27985 | Snake:1  | Entered Level 1 of the Snake Pit
 28306 | Vaults:1 | Entered Level 1 of the Vaults
 28374 | Vaults:1 | Found a magical portal.
 28384 | WizLab   | Entered Tukima's Studio
 28421 | WizLab   | Identified the +2 hand cannon of Siham {penet, +Blink rPois
                  | rF+ rN+}
 28424 | WizLab   | Noticed Skimidon's illusion
 28475 | WizLab   | HP: 8/175 [+2 longbow of freezing/arrow (5)]
 28476 | WizLab   | The Shining One protects you from harm!
 28477 | WizLab   | Shot with an arrow by a +2 longbow of freezing

Illustrated notes

Levels and vault maps discovered:
D:1:      psy_arrival_radial02, layout_basic
D:2:      layout_loops_ring, uniq_robin
D:3:      layout_basic, mainiacjoe_overflow_alcove_2, tso_oasis_becter,
          cheibrodos_sewer_entry_bend
D:4:      layout_rooms, kennysheep_mini_moat, yredelemnul_altar_generic,
          lemuel_tele_altar
D:5:      layout_rooms, gammafunk_temple_overflow_pools, cheibriados_altar_1,
          mainiacjoe_overflow_concentric_impassable,
          kennysheep_decorative_pillar
D:6:      layout_rooms, regret_index_temple_of_mockery,
          minmay_temple_entry_antechambers, serial_library_hellmonk_room_c,
          minmay_circle_x
D:7:      layout_gridville, mainiacjoe_overflow_catwalk_spiral, serial_shops,
          nicolae_shop_statue_plus, nicolae_shop_vocational
D:8:      wander_kiku_kobolds, layout_loops_corners,
          nicolae_overflow_crystal_walls, nicolae_looking_at_the_future
D:9:      layout_cross, erik_lair_island, hiddenorc2_lemuel, minivault_25
D:10:     layout_roguey, mainiacjoe_overflow_catwalk, grunt_ministairs_7
D:11:     layout_long_grid
D:12:     layout_roguey [special_room_orc], kennysheep_generic_room_2
D:13:     layout_loops_ring, uniq_lodul
D:14:     layout_basic, grunt_vaults_entry_fortified, nicolae_uskayaw_dance_hall
D:15:     gammafunk_depths_entry_grave, layout_gridville, uniq_nessos,
          uniq_josephine
Lair:1:   layout_regular_city
Lair:2:   layout_cave_pods, mainiacjoe_swamp_entry_angry_trees,
          guppyfry_snake_entry_island, minmay_hedge_maze,
          small_statue_intersection
Lair:3:   gammafunk_mikee_crab_dinner, layout_layer_cave, grunt_megastairs_5
Lair:4:   layout_roguey, nzn_sisyphean_effort, infiniplex_staircase_pool,
          grunt_megastairs_1, uniq_urug, uniq_kirke, uniq_snorg
Lair:5:   hangedman_lair_in_review, layout_regular_city, slime_entry_1
Swamp:1:  layout_basic_swamp, nicolae_swamp_round_clearing, swamp_pool_1_2,
          uniq_louise, uniq_mlioglotl
Swamp:2:  layout_basic_swamp, evilmike_swamp_ruin_rubble_1, swamp_pool_1_2,
          roderic_carrion_pond
Swamp:3:  cheibrodos_swamp_tower_of_moss, layout_falls_marsh,
          evilmike_swamp_ruin_house_2, nicolae_swamp_little_swirl
Swamp:4:  byrel_swamp_growth_death_and_undeath, layout_basic_swamp
Snake:1:  layout_cave_shapes, grunt_megastairs_4, serial_bayou_shore_a
Orc:1:    layout_caves, basic_altar
Orc:2:    grunt_orc_community_town_hall, layout_caves,
          grunt_orc_community_big_house_1, grunt_orc_community_big_house_2,
          grunt_orc_community_house_1, grunt_orc_community_house_1,
          grunt_orc_community_house_3, grunt_orc_community_house_2, basic_altar,
          serial_shops, shop, nicolae_shop_tiny_statue_garden, shop
Vaults:1: infiniplex_enter_wizlab_glasses, vaults_dpeg_doors,
          vaults_room_door_ring, ontoclasm_vaults_chip,
          nicolae_vaults_diamond_1, v_misc_4, nicolae_vaults_double_plus_3,
          nicolae_vaults_shelves_hall, vaults_dpeg_ring, vaults_dpeg_diagonal,
          layout_vaults_omnigrid, uniq_zenata
WizLab:   wizlab_tukima

Skill      XL: |  1  2  3  4  5  6  7  8  9 10 11 12 13 14 15 16 17 |
---------------+----------------------------------------------------+-----
Unarmed Combat | 1 2 3 4 6 7 9 11 12 13 14 15 16 17 | 17.2
Fighting       | 2 3 4 5 6 8 9 10 11 12 | 12.4
Throwing       | 1 2 |  2.0
Invocations    | 2 3 5 6 7 8 9 |  9.2
Dodging        | 3 4 6 7 8 9 |  9.3
Shapeshifting  | 1 5 7 8 9 |  9.5
Shields        | 1 5 6 7 8 |  8.3
Translocations | 2 4 6 7 8 |  8.0
Spellcasting   | 1 3 5 6 |  6.8
Short Blades   | |  3.2
Stealth        | |  1.0
Evocations     | |  1.0

Action                     |  1- 3 |  4- 6 |  7- 9 | 10-12 | 13-15 | 16-18 || total
---------------------------+-------+-------+-------+-------+-------+-------++-------
  Melee: Short sword       |   138 |    72 |       |       |       |       ||   210
         Punch             |     4 |     1 |    14 |    43 |       |       ||    62
         Unarmed           |       |    77 |   310 |   574 |   778 |   610 ||  2349
  Throw: Dart              |       |     2 |    10 |    42 |    37 |     5 ||    96
         Javelin           |       |       |       |     8 |     2 |       ||    10
         Throwing net      |       |       |       |       |     1 |       ||     1
   Cast: Manifold Assault  |       |       |       |       |    11 |    60 ||    71
 Invoke: Summon Divine War |       |       |       |       |     3 |     5 ||     8
         Cleansing Flame   |       |       |       |       |       |     1 ||     1
  Evoke: Wand              |       |       |       |     7 |    10 |     6 ||    23
         Phial of floods   |       |       |       |     3 |     2 |     1 ||     6
         Lightning rod     |       |       |       |       |     7 |     2 ||     9
    Use: Scroll            |       |    10 |     3 |    14 |     5 |     7 ||    39
         Potion            |       |       |       |     1 |     1 |     2 ||     4
   Stab: Sleeping          |     1 |       |       |       |       |       ||     1
 Armour: Robe              |    97 |   111 |   258 |   380 |   402 |   395 ||  1643
         Skin              |       |       |       |       |     5 |       ||     5
  Dodge: Dodged            |    63 |    52 |   160 |   225 |   192 |   172 ||   864
  Block: Other             |       |       |       |    44 |     1 |       ||    45
         Reflection        |       |       |       |     5 |    65 |    31 ||   101
         Kite shield       |       |       |       |    38 |   804 |   560 ||  1402
   Form: Beast             |       |       |       |     1 |       |       ||     1
